Get step-by-step instructions on how to execute this build order below. Start the game timer, and the build order will tick by so you can play in parallel with StarCraft on a second screen or mobile device.

Game Time

  0:00

Last Step

  N/A

Next Step

Upcoming Step



Don't want to look back and forth between 2 screens? Try out our Overwolf App, the Spawning Tool Build Advisor to get an in-game overlay with this build!

Complete Build Order

  12  0:01  Drone  
  13  0:12  Overlord  
  13  0:17  Drone  
  14  0:32  Drone x2  
  16  0:41  Spawning Pool  
  15  0:44  Drone  
  17  0:50  Drone  
  17  1:10  Hatchery  
  16  1:28  Zergling x6  
  16  1:29  Queen  
  21  1:40  Overlord  
  21  1:52  Drone  
  23  2:01  Drone  
  23  2:04  Queen  
  25  2:15  Drone, Extractor  
  25  2:19  Hatchery  
  24  2:23  Drone  
  26  2:37  Drone x4  
  29  2:48  Queen  
  29  2:49  Drone x2  
  32  3:07  Overlord  
  32  3:08  Drone x4  
  35  3:23  Metabolic Boost  
  35  3:28  Queen  
  35  3:29  Overlord  
  35  3:30  Drone x2  
  39  3:36  Queen  
  39  3:39  Drone  
  42  3:43  Drone x2  
  44  3:49  Zergling x2  
  44  3:50  Zergling x4  
  47  4:07  Drone x3  
  50  4:11  Overlord  
  50  4:12  Drone x3  
  50  4:13  Drone x3  
  56  4:24  Overlord  
  56  4:28  Roach Warren  
  56  4:31  Drone x5  
  57  4:33  Queen  
  62  4:43  Drone, Extractor  
  62  4:44  Drone x2  
  65  4:45  Drone  
  65  4:53  Overlord x3  
  65  4:56  Overlord  
  65  5:03  Overlord  
  65  5:10  Overlord  
  65  5:12  Roach x8  
  80  5:17  Zergling x2  
  81  5:22  Zergling x4  
  81  5:28  Roach x3  
  81  5:45  Drone x5  
  81  5:47  Drone x3  
  89  5:56  Drone  
  89  5:57  Evolution Chamber, Drone  
  89  5:58  Lair  
  89  5:59  Evolution Chamber  
  89  6:00  Drone x2  
  89  6:02  Queen  
  91  6:05  Extractor  
  90  6:18  Roach x3, Zergling x4  
  98  6:23  Zerg Melee Weapons Level 1  
  98  6:25  Zerg Missile Weapons Level 1  
  98  6:27  Drone x3  
  98  6:28  Overlord x2  
  98  6:29  Hatchery  
  98  6:30  Drone x2, Extractor  
  98  6:31  Drone x2  
  103  6:33  Extractor  
  103  6:34  Extractor  
  103  6:36  Drone x3  
  103  6:37  Queen, Drone  
  107  6:44  Zergling x6  
  112  6:47  Ravager x2  
  112  6:49  Drone x3  
  115  6:57  Spore Crawler  
  115  6:59  Glial Reconstitution  
  114  7:02  Zergling x8  
  114  7:07  Overlord  
  114  7:08  Overlord x2  
  118  7:11  Hydralisk Den  
  117  7:20  Hatchery  
  114  7:24  Zergling x8  
  117  7:32  Roach x3  
  117  7:33  Roach x9  
  124  7:41  Roach x2  
  124  7:42  Roach  
  111  7:47  Roach x4  
  114  8:00  Roach  
  130  8:07  Drone x2